 Dungeon Crawl Stone Soup version 0.26.0-10-g1f06aea511 (webtiles) character file.

Game seed: 9162386904885640424

273 vatarom the Ruffian (level 6, -9/56 HPs)
             Began as a Ghoul Monk on Feb 2, 2021.
             Killed from afar by an orc wizard (10 damage)
             ... with a puff of flame
             ... on level 4 of the Dungeon.
             The game lasted 00:04:55 (3914 turns).

vatarom the Ruffian (Ghoul Monk)                    Turns: 3914, Time: 00:04:56

Health: -9/56      AC:  3    Str: 15    XL:     6   Next: 24%
Magic:  14/14      EV: 12    Int:  7    God:
Gold:   217        SH:  0    Dex: 11    Spells: 5/5 levels left

rFire    . . .     SeeInvis .     - Unarmed
rCold    + . .     Faith    .   (no shield)
rNeg     + + +     Spirit   .   a - +0 robe
rPois    ∞         Reflect  .   (no helmet)
rElec    .         Harm     .   (no cloak)
rCorr    .         Rampage  .   i - +0 pair of gloves
Will     .....                  (no boots)
Stlth    +.........             (no amulet)
HPRegen  0.00/turn              x - ring of magical power
MPRegen  0.14/turn              (no ring)

@: confused
A: claws 1, cold resistance 1, negative energy resistance 3, inhibited
regeneration, torment resistance, unbreathing
a: no special abilities


You were on level 4 of the Dungeon.
You visited 1 branch of the dungeon, and saw 4 of its levels.

You collected 217 gold pieces.

Inventory:

Armour
 a - a +0 robe (worn)
 i - a +0 pair of gloves (worn)
Jewellery
 x - a ring of magical power (left hand)
Wands
 f - a wand of random effects (15)
Scrolls
 b - 2 scrolls of amnesia {unknown}
 c - 2 scrolls of remove curse {unknown}
 d - a scroll of teleportation {unknown}
 h - 2 scrolls of enchant armour {unknown}
 k - a scroll of noise {unknown}
Potions
 e - a potion of lignification


   Skills:
 + Level 5.0 Fighting
 - Level 2.6 Dodging
 - Level 2.1 Stealth
 * Level 6.4 Unarmed Combat


You had 5 spell levels left.
You didn't know any spells.
Your spell library was empty.

Dungeon Overview and Level Annotations

Branches:
Dungeon (4/15)
 Temple: D:4-7

Altars:
Qazlal
Trog


Innate Abilities, Weirdness & Mutations

You thrive by killing the living.
You are immune to poison.
You have sharp fingernails.
Your flesh is cold resistant. (rC+)
You are immune to negative energy. (rN+++)
You do not regenerate when monsters are visible.
You are immune to unholy pain and torment.
You can survive without breathing.


Message History

The orc wizard hits you but does no damage.
The adder bites you but does no damage.
Unknown command.
The orc wizard points at you and mumbles some strange words.
The magic dart hits you!
* * * LOW HITPOINT WARNING * * *
Unknown command.
The orc wizard misses you.
The orc wizard is no longer moving quickly.
The orc wizard gestures wildly while chanting.
The orc wizard blinks!
You hear some strange, mumbled words.
You are confused.
Unknown command.
You're too confused to move!
You bump into the rock wall.
You hear some strange, mumbled words.
A puff of flame appears from out of thin air!
The puff of flame hits you!
You die...

######## #.{.@..#
#S####.# #.# #.#
########## #.# #.#
#........####S####.#
'.....o..'o..o...>.#
#........#########.#
########## #.###
#†..#


You could see an adder.

Vanquished Creatures
  An orc priest (D:3)
  3 orc wizards (D:3)
  An iguana (D:4)
  A worker ant (D:4)
  3 adders (D:3)
  An ooze (D:2)
  2 leopard geckos (D:1)
  11 orcs
  2 giant cockroaches
  4 goblins
  3 hobgoblins
  12 jackals
  4 quokkas
  3 bats (D:1)
  3 frilled lizards
  6 kobolds
  7 rats
67 creatures vanquished.

Notes
Turn   | Place    | Note
-------+----------+-------------------------------------------
     0 | D:1      | vatarom the Ghoul Monk began the quest for the Orb.
     0 | D:1      | Reached XP level 1. HP: 19/19 MP: 0/0
   285 | D:1      | Reached XP level 2. HP: 26/26 MP: 1/1
   518 | D:1      | Reached skill level 4 in Unarmed Combat
   807 | D:1      | Reached XP level 3. HP: 33/33 MP: 2/2
  1115 | D:2      | Found a bloodstained altar of Trog.
  1689 | D:3      | Found a stormy altar of Qazlal.
  2068 | D:3      | Reached XP level 4. HP: 39/40 MP: 3/3
  2248 | D:3      | Reached skill level 5 in Unarmed Combat
  2621 | D:3      | Reached XP level 5. HP: 33/47 MP: 4/4
  3168 | D:3      | Reached skill level 6 in Unarmed Combat
  3368 | D:4      | Reached XP level 6. HP: 29/55 MP: 5/5
  3648 | D:4      | Reached skill level 5 in Fighting
  3908 | D:4      | HP: 1/56 [orc wizard/magic dart (7)]
  3914 | D:4      | Killed from afar by an orc wizard

Illustrated notes

Levels and vault maps discovered:
D:1:      saegor_arrival_simple_c, layout_basic
D:2:      layout_basic, nicolae_overflow_crystal_walls, minmay_pentomino_r4
D:3:      layout_basic, old_standard_altar
D:4:      layout_basic

Skill      XL: |  1  2  3  4  5  6 |
---------------+-------------------+-----
Unarmed Combat | 4 5 6 |  6.4
Fighting       | 4 5 |  5.0
Dodging        | |  2.6
Stealth        | |  2.1

Action                   |  1- 3 |  4- 6 || total
-------------------------+-------+-------++-------
Melee: Unarmed           |   118 |   149 ||   267
       Punch             |     1 |     2 ||     3
  Use: Potion            |     3 |     2 ||     5
 Stab: Sleeping          |     5 |     3 ||     8
Armor: Robe              |    28 |    20 ||    48
Dodge: Dodged            |    66 |    90 ||   156
